Ice Dragons vs Diables

Created - October 14, 2018 at 22:10

Goals
1 2 3 T
Ice Dragons 0 2 0 2
Diables 0 5 3 8
Shots
1 2 3 T
Ice Dragons 15 10 12 37
Diables 12 15 10 37

1st period

No Goal

Penalties :
Kevin Connauton (Kin) for High sticking (Minor) at 7:29, Jamie Oleksiak (Alm) for Hooking (Minor) at 15:12

2nd period

1. Diables , Jordan Caron 1 (Taylor Beck 1, Nick Bjugstad 1) at 0:38
2. Diables , Brandon Prust 1 (Craig Smith 1, Nick Bjugstad 2) at 3:08
3. Diables , Brandon Prust 2 (Craig Smith 2, Nick Bjugstad 3) at 8:15
4. Diables , Brandon Burlon 1 (Taylor Beck 2, Brian Dumoulin 1) at 16:17 (PP)
5. Ice Dragons , Logan MacMillan 1 (Kevin Connauton 1, Jiri Tlusty 1) at 18:22 (PP)
6. Diables , Louis Leblanc 1 (Carl Gunnarsson 1) at 19:09
7. Ice Dragons , Logan MacMillan 2 (Jiri Tlusty 2) at 19:41

Penalties :
Alex Plante (Kin) for Hooking (Minor) at 5:34, Jiri Tlusty (Kin) for Interference (Minor) at 10:42, Jiri Tlusty (Kin) for Hooking (Minor) at 15:38, Brandon Burlon (Alm) for Goalie Interference (Minor) at 17:47

3rd period

8. Diables , Nick Bjugstad 1 (Brandon Prust 1) at 6:29
9. Diables , Nick Bjugstad 2 (Craig Smith 3, Brian Dumoulin 2) at 7:11
10. Diables , Louis Leblanc 2 (Taylor Beck 3, Nick Bjugstad 4) at 13:47

Penalties :
Brandon Prust (Alm) for Fighting (Major) at 6:40, Darren Helm (Kin) for Fighting (Major) at 6:40, Nick Bjugstad (Alm) for High sticking (Minor) at 11:08, Logan MacMillan (Kin) for Slashing (Minor) at 15:50

Goalie Stats

Anders Nilsson (Kin), 25 saves from 32 shots - (0.781), L, 1-1-0, 47:11 minutes
Harru Sateri (Kin), 4 saves from 5 shots - (0.800), 12:49 minutes
Malcolm Subban (Alm), 35 saves from 37 shots - (0.946), W, 1-0-0, 60:00 minutes

Players Stats for Ice Dragons

Player Name              G  A  P  +/- PIM S  H  SB GA TA FO     MP     PP MP  PK MP  
------------------------------------------------------------------------------------
Alex Henriksson          0  0  0   0  0   0  0  0  0  0  0/0     0:00   0:00   0:00 
Alex Plante              0  0  0   0  2   1  5  1  0  1  0/0    22:19   1:49   2:40 
Brandon Kozun            0  0  0  -1  0   0  0  1  0  0  0/0    12:08   0:00   0:00 
Chris Wagner             0  0  0   0  0   0  0  0  0  0  0/0     2:03   0:00   2:03 
Christian Djoos          0  0  0  -1  0   0  1  2  0  1  0/0     9:18   0:00   0:00 
Cole Ully                0  0  0   0  0   0  0  0  0  0  0/0     0:00   0:00   0:00 
Darren Helm              0  0  0   0  5   0  3  0  0  0  19/28  18:26   2:15   2:42 
Emil Pettersson          0  0  0  -1  0   0  0  0  0  0  2/5     2:03   0:19   0:00 
Jiri Tlusty              0  2  2  -2  4   1  2  1  0  0  0/0    18:03   1:59   3:13 
Jordan LaVallee          0  0  0  -1  0   5  0  1  2  0  2/4    21:29   2:34   3:28 
Justin Faulk             0  0  0  -1  0   0  0  1  0  0  0/0     6:01   0:00   2:25 
Justin Shugg             0  0  0  -2  0   0  0  0  0  0  0/0     6:19   0:00   0:00 
Kevin Connauton          0  1  1  -5  2   7  3  0  0  1  0/0    31:53   2:44   3:04 
Logan MacMillan          2  0  2  -2  2   2  1  0  0  0  1/1    14:33   1:59   0:00 
Luke Adam                0  0  0  -2  0   4  1  0  1  0  8/13   14:07   1:59   0:00 
Michael Chaput           0  0  0  -1  0   3  0  0  1  0  5/6    12:08   0:00   0:00 
Michael Ferland          0  0  0  -2  0   1  2  0  0  1  0/0     7:29   0:00   0:56 
Ryan Pulock              0  0  0   0  0   1  1  0  0  0  0/0    21:46   1:49   4:49 
Sam Carrick              0  0  0  -2  0   0  2  1  0  0  0/4     6:19   0:00   0:00 
Samuel Groulx            0  0  0  -5  0   3  2  1  0  4  0/0    29:22   2:44   4:12 
Stefan Ruzicka           0  0  0  -1  0   5  2  2  0  0  6/11   23:25   2:34   4:48 
Theodor Blueger          0  0  0   0  0   0  0  0  0  0  0/0     0:00   0:00   0:00 
Thomas Gobeil            0  0  0   0  0   0  0  0  0  0  0/0     0:00   0:00   0:00 
William Carrier          0  0  0  -1  0   4  3  0  0  0  0/0    12:08   0:00   0:00 

Players Stats for Diables

Player Name              G  A  P  +/- PIM S  H  SB GA TA FO     MP     PP MP  PK MP  
------------------------------------------------------------------------------------
Andreas Johnsson         0  0  0   1  0   0  0  0  0  0  0/1     5:51   0:00   0:00 
Brandon Burlon           1  0  1   3  2   4  0  1  0  2  0/0    23:04   4:42   0:00 
Brandon Prust            2  1  3   3  5   6  4  2  2  0  1/8    22:21   4:36   2:32 
Brian Dumoulin           0  2  2   4  0   3  2  1  0  0  0/0    27:17   4:42   2:52 
Carl Gunnarsson          0  1  1   1  0   0  0  0  1  0  0/0    18:55   3:53   1:41 
Christian Thomas         0  0  0   0  0   1  0  0  0  0  0/1     9:56   0:00   0:00 
Cole Cassels             0  0  0   0  0   0  0  0  0  0  0/1     1:10   0:00   1:10 
Connor Hurley            0  0  0   0  0   0  0  0  0  0  0/0     0:16   0:07   0:00 
Craig Smith              0  3  3   4  0   2  1  2  2  0  1/3    24:33   4:36   2:41 
Daniel Zaar              0  0  0   1  0   4  0  0  0  0  0/0     6:07   0:07   0:00 
Elias Lindholm           0  0  0   0  0   0  1  0  0  0  1/4     9:56   0:00   0:00 
Jamie Oleksiak           0  0  0   1  2   0  0  3  0  0  0/0    10:15   0:00   0:00 
Jordan Caron             1  0  1   0  0   2  2  0  0  0  0/0    16:24   3:52   0:00 
Keith Seabrook           0  0  0   0  0   0  0  1  0  0  0/0     4:00   0:00   0:00 
Louis Leblanc            2  0  2   2  0   3  1  0  0  0  2/2     7:26   0:00   0:55 
Marc-André Bourdon       0  0  0   0  0   0  0  0  0  0  0/0     4:00   0:00   0:00 
Mark Fraser              0  0  0   2  0   1  0  2  0  1  0/0    21:26   3:53   2:52 
Matt Lindblad            0  0  0   1  0   0  0  0  0  0  0/0     2:18   0:07   0:00 
Michal Repik             0  0  0   0  0   2  1  0  2  1  0/0     9:56   0:00   0:00 
Nick Bjugstad            2  4  6   5  2   5  1  1  0  0  18/37  23:29   4:36   0:30 
Pavel Valentenko         0  0  0   1  0   1  2  2  0  0  0/0    11:29   0:00   1:41 
Taylor Beck              0  3  3   1  0   2  1  0  0  0  0/0    17:29   3:52   0:25 
Tim Schaller             0  0  0   0  0   1  0  0  1  0  6/15   17:49   3:52   0:57 

3 Stars

1 - Nick Bjugstad (Alm)
2 - Brandon Prust (Alm)
3 - Craig Smith (Alm)

Power Play

Ice Dragons - 1 on 3 Attempt(s) - 33.33%
Diables - 1 on 5 Attempt(s) - 20.00%

Penalty Kill

Ice Dragons - 4 on 5 Attempt(s) - 80.00% - Score 0 goal in Penalty Kill
Diables - 2 on 3 Attempt(s) - 66.67% - Score 0 goal in Penalty Kill

Team Stat

Ice Dragons - Hits : 28 - Faceoff Wins : 43 - Blocked Shots : 11 - Penalty Minutes : 15
Diables - Hits : 16 - Faceoff Wins : 29 - Blocked Shots : 15 - Penalty Minutes : 11

Official

Referees : Unknown
Linesman : Unknown

Game Notes

Brandon Prust beats up Darren Helm at 6:40 of 3rd period
Harru Sateri enters game at 7:11 of 3rd period

Finance

Level 1 -- Attendance: 1581 (79.05%) -- Ticket Income $63,240
Level 2 -- Attendance: 764 (76.40%) -- Ticket Income $15,280
Total Attendance: 2345 (78.17%)
Total Ticket Income: $78,520
Other Income: $3,926
Total Income: $82,446

Ice Dragons

5 vs 5 Forward 
   Center                   Left Wing                Right Wing               Time % Phy DF OF 
 1 Darren Helm              Jordan LaVallee          Stefan Ruzicka           40     1   2  2  
 2 Luke Adam                Logan MacMillan          Jiri Tlusty              30     1   2  2  
 3 Michael Chaput           William Carrier          Brandon Kozun            20     1   2  2  
 4 Sam Carrick              Michael Ferland          Justin Shugg             10     1   2  2  

5 vs 5 Defense 
   Defense                  Defense                                           Time % Phy DF OF 
 1 Kevin Connauton          Samuel Groulx                                     40     1   2  2  
 2 Alex Plante              Ryan Pulock                                       30     1   2  2  
 3 Christian Djoos          Kevin Connauton                                   20     1   2  2  
 4 Samuel Groulx            Alex Plante                                       10     1   2  2  

PowerPlay Forward 
   Center                   Left Wing                Right Wing               Time % Phy DF OF 
 1 Darren Helm              Jordan LaVallee          Stefan Ruzicka           60     1   2  2  
 2 Luke Adam                Logan MacMillan          Jiri Tlusty              40     1   2  2  

PowerPlay Defense
   Defense                  Defense                                           Time % Phy DF OF 
 1 Kevin Connauton          Samuel Groulx                                     60     1   2  2  
 2 Alex Plante              Ryan Pulock                                       40     1   2  2  

Penalty Kill 4 Players Forward 
   Center                   Wing                     Time % Phy DF OF 
 1 Stefan Ruzicka           Jiri Tlusty              60     1   2  2  
 2 Jordan LaVallee          Darren Helm              40     1   2  2  

Penalty Kill 4 Players Defense
   Defense                  Defense                  Time % Phy DF OF 
 1 Kevin Connauton          Samuel Groulx            60     1   2  2  
 2 Alex Plante              Ryan Pulock              40     1   2  2  

Penalty Kill - 3 Players Forward 
   Forward                                           Time % Phy DF OF 
 1 Stefan Ruzicka                                    60     1   2  2  
 2 Jiri Tlusty                                       40     1   2  2  

Penalty Kill - 3 Players Defense
   Defense                  Defense                  Time % Phy DF OF 
 1 Kevin Connauton          Samuel Groulx            60     1   2  2  
 2 Alex Plante              Ryan Pulock              40     1   2  2  

4 vs 4 Forward 
   Center                   Wing                     Time % Phy DF OF 
 1 Stefan Ruzicka           Jiri Tlusty              60     1   2  2  
 2 Jordan LaVallee          Darren Helm              40     1   2  2  

4 vs 4 Defense
   Defense                  Defense                  Time % Phy DF OF 
 1 Kevin Connauton          Samuel Groulx            60     1   2  2  
 2 Alex Plante              Ryan Pulock              40     1   2  2  

Last Minutes Offensive
   Center                   Left Wing                Right Wing               Defense                  Defense                  
   Darren Helm              Jordan LaVallee          Stefan Ruzicka           Kevin Connauton          Samuel Groulx            

Last Minutes Defensive
   Center                   Left Wing                Right Wing               Defense                  Defense                  
   Darren Helm              Jordan LaVallee          Stefan Ruzicka           Kevin Connauton          Samuel Groulx            

Goaltenders
Starting : Anders Nilsson           
Backup : Harru Sateri             

Extra Forwards
Normal : Emil Pettersson, Theodor Blueger, Chris Wagner - PP : Emil Pettersson, Theodor Blueger - PK : Chris Wagner
Extra Defensemen
Normal : Christian Djoos, Ryan Pulock, Kevin Connauton - PP : Christian Djoos - PK : Ryan Pulock, Kevin Connauton
Penalty Shots
Stefan Ruzicka, Jiri Tlusty, Jordan LaVallee, Darren Helm, Luke Adam

Scratches
Oscar Dansk (Healthy)

Diables

5 vs 5 Forward 
   Center                   Left Wing                Right Wing               Time % Phy DF OF 
 1 Nick Bjugstad            Brandon Prust            Craig Smith              40     1   2  2  
 2 Tim Schaller             Taylor Beck              Jordan Caron             30     1   2  2  
 3 Elias Lindholm           Christian Thomas         Michal Repik             20     1   2  2  
 4 Louis Leblanc            Andreas Johnsson         Daniel Zaar              10     1   2  2  

5 vs 5 Defense 
   Defense                  Defense                                           Time % Phy DF OF 
 1 Brandon Burlon           Brian Dumoulin                                    40     1   2  2  
 2 Carl Gunnarsson          Mark Fraser                                       30     1   2  2  
 3 Jamie Oleksiak           Pavel Valentenko                                  20     1   2  2  
 4 Marc-André Bourdon       Keith Seabrook                                    10     1   2  2  

PowerPlay Forward 
   Center                   Left Wing                Right Wing               Time % Phy DF OF 
 1 Nick Bjugstad            Brandon Prust            Craig Smith              60     1   2  2  
 2 Tim Schaller             Taylor Beck              Jordan Caron             40     1   2  2  

PowerPlay Defense
   Defense                  Defense                                           Time % Phy DF OF 
 1 Brandon Burlon           Brian Dumoulin                                    60     1   2  2  
 2 Carl Gunnarsson          Mark Fraser                                       40     1   2  2  

Penalty Kill 4 Players Forward 
   Center                   Wing                     Time % Phy DF OF 
 1 Brandon Prust            Craig Smith              60     1   2  2  
 2 Nick Bjugstad            Tim Schaller             40     1   2  2  

Penalty Kill 4 Players Defense
   Defense                  Defense                  Time % Phy DF OF 
 1 Mark Fraser              Brian Dumoulin           60     1   2  2  
 2 Carl Gunnarsson          Pavel Valentenko         40     1   2  2  

Penalty Kill - 3 Players Forward 
   Forward                                           Time % Phy DF OF 
 1 Brandon Prust                                     60     1   2  2  
 2 Craig Smith                                       40     1   2  2  

Penalty Kill - 3 Players Defense
   Defense                  Defense                  Time % Phy DF OF 
 1 Mark Fraser              Brian Dumoulin           60     1   2  2  
 2 Carl Gunnarsson          Pavel Valentenko         40     1   2  2  

4 vs 4 Forward 
   Center                   Wing                     Time % Phy DF OF 
 1 Brandon Prust            Craig Smith              60     1   2  2  
 2 Nick Bjugstad            Tim Schaller             40     1   2  2  

4 vs 4 Defense
   Defense                  Defense                  Time % Phy DF OF 
 1 Mark Fraser              Brian Dumoulin           60     1   2  2  
 2 Carl Gunnarsson          Pavel Valentenko         40     1   2  2  

Last Minutes Offensive
   Center                   Left Wing                Right Wing               Defense                  Defense                  
   Nick Bjugstad            Brandon Prust            Craig Smith              Mark Fraser              Brandon Burlon           

Last Minutes Defensive
   Center                   Left Wing                Right Wing               Defense                  Defense                  
   Nick Bjugstad            Brandon Prust            Craig Smith              Mark Fraser              Brian Dumoulin           

Goaltenders
Starting : Malcolm Subban           
Backup : Garret Sparks            

Extra Forwards
Normal : Matt Lindblad, Connor Hurley, Cole Cassels - PP : Matt Lindblad, Connor Hurley - PK : Cole Cassels
Extra Defensemen
Normal : Jamie Oleksiak, Brandon Burlon, Marc-André Bourdon - PP : Jamie Oleksiak - PK : Keith Seabrook, Marc-André Bourdon
Penalty Shots
Brandon Prust, Craig Smith, Nick Bjugstad, Tim Schaller, Jordan Caron

Scratches
Stephen Harper (Healthy), Emil Djuse (Healthy), Gemel Smith (Healthy), Jeremy Gregoire (Healthy), Scott Harrington (Healthy)
Gustav Olofsson (Healthy), Brett Ritchie (Healthy), Chris Bigras (Healthy), Andrew O'Brien (Healthy), Linus Ullmark (Healthy)
Jack Campbell (Healthy)

% Time on Ice - Ice Dragons

Lines # - Real PCT - Wanted PCT - Time Play
Normal Forward
1 - 35% - 40% - 16:17
2 - 26% - 30% - 12:08
3 - 26% - 20% - 12:08
4 - 13% - 10% - 6:19
Normal Defense
1 - 41% - 40% - 19:12
2 - 32% - 30% - 15:03
3 - 20% - 20% - 9:18
4 - 7% - 10% - 3:19
PP Forward
1 - 56% - 60% - 2:34
2 - 44% - 40% - 1:59
PP Defense
1 - 60% - 60% - 2:44
2 - 40% - 40% - 1:49
PK Forward
1 - 81% - 60% - 6:58
2 - 19% - 40% - 1:37
PK Defense
1 - 52% - 60% - 4:29
2 - 48% - 40% - 4:06
PK3 Forward
1 - 0% - 60%
2 - 0% - 40%
PK3 Defense
1 - 0% - 60%
2 - 0% - 40%
44 Forward
1 - 0% - 60%
2 - 0% - 40%
44 Defense
1 - 0% - 60%
2 - 0% - 40%
Last Minute Offensive  - 0:00
Last Minute Defensive  - 0:00
Total
Forward - 60:00
Defense - 60:00

% Time on Ice - Diables

Lines # - Real PCT - Wanted PCT - Time Play
Normal Forward
1 - 39% - 40% - 18:05
2 - 28% - 30% - 13:00
3 - 21% - 20% - 9:56
4 - 12% - 10% - 5:51
Normal Defense
1 - 42% - 40% - 19:43
2 - 28% - 30% - 13:21
3 - 21% - 20% - 9:48
4 - 9% - 10% - 4:00
PP Forward
1 - 55% - 60% - 4:43
2 - 45% - 40% - 3:52
PP Defense
1 - 55% - 60% - 4:42
2 - 45% - 40% - 3:53
PK Forward
1 - 79% - 60% - 3:36
2 - 21% - 40% - 0:57
PK Defense
1 - 63% - 60% - 2:52
2 - 37% - 40% - 1:41
PK3 Forward
1 - 0% - 60%
2 - 0% - 40%
PK3 Defense
1 - 0% - 60%
2 - 0% - 40%
44 Forward
1 - 0% - 60%
2 - 0% - 40%
44 Defense
1 - 0% - 60%
2 - 0% - 40%
Last Minute Offensive  - 0:00
Last Minute Defensive  - 0:00
Total
Forward - 60:00
Defense - 60:00

Play by Play

1st period


0:01 of 1st period - Nick Bjugstad wins face-off versus Darren Helm in neutral zone.
0:42 of 1st period - Icing by Taylor Beck.
0:43 of 1st period - Michael Chaput wins face-off versus Tim Schaller in Diables zone.
0:52 of 1st period - Slapshot by Michael Chaput.
0:52 of 1st period - Deflect By William Carrier.
0:52 of 1st period - Shot Misses the Net.
0:52 of 1st period - Puck is out of play.
0:53 of 1st period - Michael Chaput wins face-off versus Elias Lindholm in Diables zone.
1:39 of 1st period - Snap shot by Brandon Kozun.
1:39 of 1st period - Shot Blocked by Mark Fraser.
2:17 of 1st period - Michal Repik is hit by Alex Plante and loses puck.
2:36 of 1st period - Snap shot by Michael Chaput.
2:36 of 1st period - Shot Misses the Net.
3:43 of 1st period - Wrist shot by Christian Thomas.
3:43 of 1st period - Stopped by Anders Nilsson with a rebound.
3:49 of 1st period - Slapshot by Michael Chaput.
3:49 of 1st period - Shot Misses the Net.
3:51 of 1st period - Slapshot by Kevin Connauton.
3:51 of 1st period - Deflect By Michael Chaput.
3:51 of 1st period - Stopped by Malcolm Subban without a rebound.
3:52 of 1st period - Darren Helm wins face-off versus Nick Bjugstad in Diables zone.
3:53 of 1st period - Snap shot by Stefan Ruzicka.
3:53 of 1st period - Stopped by Malcolm Subban with a rebound.
3:55 of 1st period - Snap shot by Jordan LaVallee.
3:55 of 1st period - Shot Blocked by Jamie Oleksiak.
3:57 of 1st period - Wrist shot by Darren Helm.
3:57 of 1st period - Shot Blocked by Pavel Valentenko.
3:59 of 1st period - Snap shot by Jordan LaVallee.
3:59 of 1st period - Shot Blocked by Nick Bjugstad.
4:01 of 1st period - Slapshot by Alex Plante.
4:01 of 1st period - Stopped by Malcolm Subban with a rebound.
4:03 of 1st period - Slapshot by Ryan Pulock.
4:03 of 1st period - Stopped by Malcolm Subban with a rebound.
4:05 of 1st period - Slapshot by Darren Helm.
4:05 of 1st period - Shot Blocked by Brandon Prust.
4:17 of 1st period - Pavel Valentenko is hit by Sam Carrick and loses puck.
4:28 of 1st period - Snap shot by Brandon Prust.
4:28 of 1st period - Stopped by Anders Nilsson without a rebound.
4:29 of 1st period - Darren Helm wins face-off versus Tim Schaller in Ice Dragons zone.
5:01 of 1st period - Off-side.
5:02 of 1st period - Luke Adam wins face-off versus Nick Bjugstad in neutral zone.
5:08 of 1st period - Wrist shot by Luke Adam.
5:08 of 1st period - Stopped by Malcolm Subban with a rebound.
5:10 of 1st period - Snap shot by Luke Adam.
5:10 of 1st period - Stopped by Malcolm Subban with a rebound.
5:12 of 1st period - Snap shot by Luke Adam.
5:12 of 1st period - Shot Blocked by Keith Seabrook.
5:14 of 1st period - Snap shot by Jiri Tlusty.
5:14 of 1st period - Stopped by Malcolm Subban without a rebound.
5:15 of 1st period - Nick Bjugstad wins face-off versus Darren Helm in Diables zone.
5:40 of 1st period - Jamie Oleksiak is hit by Samuel Groulx and loses puck.
5:45 of 1st period - Slapshot by Luke Adam.
5:45 of 1st period - Stopped by Malcolm Subban without a rebound.
5:46 of 1st period - Tim Schaller wins face-off versus Luke Adam in Diables zone.
5:46 of 1st period - Tim Schaller is hit by Alex Plante.
5:56 of 1st period - Snap shot by Jordan Caron.
5:56 of 1st period - Stopped by Anders Nilsson without a rebound.
5:57 of 1st period - Stefan Ruzicka wins face-off versus Craig Smith in Ice Dragons zone.
6:26 of 1st period - Snap shot by Luke Adam.
6:26 of 1st period - Shot Misses the Net.
6:41 of 1st period - Icing by Luke Adam.
6:42 of 1st period - Louis Leblanc wins face-off versus Sam Carrick in Ice Dragons zone.
6:51 of 1st period - Snap shot by Louis Leblanc.
6:51 of 1st period - Stopped by Anders Nilsson without a rebound.
6:52 of 1st period - Darren Helm wins face-off versus Craig Smith in Ice Dragons zone.
6:52 of 1st period - Darren Helm is hit by Brandon Prust.
7:04 of 1st period - Snap shot by Craig Smith.
7:04 of 1st period - Shot Blocked by Stefan Ruzicka.
7:06 of 1st period - Slapshot by Brandon Burlon.
7:06 of 1st period - Stopped by Anders Nilsson without a rebound.
7:07 of 1st period - Logan MacMillan wins face-off versus Tim Schaller in Ice Dragons zone.
7:16 of 1st period - Samuel Groulx is hit by Brian Dumoulin and loses puck.
7:29 of 1st period - Minor Penalty to Kevin Connauton for High sticking.
7:30 of 1st period - Stefan Ruzicka wins face-off versus Brandon Prust in Ice Dragons zone.
7:30 of 1st period - Stefan Ruzicka is hit by Craig Smith.
9:29 of 1st period - Penalty to Kevin Connauton is over, Kevin Connauton is back on ice.
9:37 of 1st period - Mark Fraser is hit by Christian Djoos and loses puck.
10:01 of 1st period - Mark Fraser is hit by Michael Ferland and loses puck.
10:07 of 1st period - Off-side.
10:08 of 1st period - Luke Adam wins face-off versus Tim Schaller in neutral zone.
10:15 of 1st period - Snap shot by Jiri Tlusty.
10:15 of 1st period - Shot Blocked by Pavel Valentenko.
10:17 of 1st period - Snap shot by Samuel Groulx.
10:17 of 1st period - Deflect By Tim Schaller.
10:17 of 1st period - Stopped by Malcolm Subban with a rebound.
10:19 of 1st period - Snap shot by Jiri Tlusty.
10:19 of 1st period - Deflect By Luke Adam.
10:19 of 1st period - Stopped by Malcolm Subban without a rebound.
10:20 of 1st period - Darren Helm wins face-off versus Nick Bjugstad in Diables zone.
10:21 of 1st period - Snap shot by Stefan Ruzicka.
10:21 of 1st period - Stopped by Malcolm Subban without a rebound.
10:22 of 1st period - Darren Helm wins face-off versus Nick Bjugstad in Diables zone.
10:29 of 1st period - Snap shot by Darren Helm.
10:29 of 1st period - Shot Misses the Net.
10:31 of 1st period - Slapshot by Jordan LaVallee.
10:31 of 1st period - Stopped by Malcolm Subban without a rebound.
10:32 of 1st period - Darren Helm wins face-off versus Nick Bjugstad in Diables zone.
10:47 of 1st period - Snap shot by Stefan Ruzicka.
10:47 of 1st period - Stopped by Malcolm Subban without a rebound.
10:48 of 1st period - Tim Schaller wins face-off versus Luke Adam in Diables zone.
10:57 of 1st period - Slapshot by Taylor Beck.
10:57 of 1st period - Shot Misses the Net.
11:23 of 1st period - Wrist shot by Craig Smith.
11:23 of 1st period - Deflect By Brandon Prust.
11:23 of 1st period - Stopped by Anders Nilsson with a rebound.
11:41 of 1st period - Samuel Groulx is hit by Louis Leblanc and loses puck.
11:58 of 1st period - Slapshot by Christian Thomas.
11:58 of 1st period - Shot Blocked by Brandon Kozun.
13:07 of 1st period - Snap shot by Daniel Zaar.
13:07 of 1st period - Stopped by Anders Nilsson without a rebound.
13:08 of 1st period - Darren Helm wins face-off versus Brandon Prust in Ice Dragons zone.
13:13 of 1st period - Snap shot by Craig Smith.
13:13 of 1st period - Stopped by Anders Nilsson with a rebound.
13:15 of 1st period - Wrist shot by Brandon Prust.
13:15 of 1st period - Shot Blocked by Samuel Groulx.
13:19 of 1st period - Snap shot by Nick Bjugstad.
13:19 of 1st period - Stopped by Anders Nilsson with a rebound.
13:42 of 1st period - Snap shot by Tim Schaller.
13:42 of 1st period - Shot Misses the Net.
14:06 of 1st period - Carl Gunnarsson is hit by Sam Carrick and loses puck.
14:36 of 1st period - Slapshot by Brandon Burlon.
14:36 of 1st period - Shot Blocked by Alex Plante.
14:42 of 1st period - Brandon Burlon is hit by Alex Plante and loses puck.
15:01 of 1st period - Snap shot by Kevin Connauton.
15:01 of 1st period - Stopped by Malcolm Subban without a rebound.
15:02 of 1st period - Darren Helm wins face-off versus Brandon Prust in Diables zone.
15:12 of 1st period - Minor Penalty to Jamie Oleksiak for Hooking.
15:13 of 1st period - Darren Helm wins face-off versus Brandon Prust in Diables zone.
15:15 of 1st period - Wrist shot by Darren Helm.
15:15 of 1st period - Shot Misses the Net.
15:17 of 1st period - Slapshot by Samuel Groulx.
15:17 of 1st period - Shot Blocked by Mark Fraser.
15:19 of 1st period - Snap shot by Darren Helm.
15:19 of 1st period - Deflect By Stefan Ruzicka.
15:19 of 1st period - Stopped by Malcolm Subban without a rebound.
15:20 of 1st period - Brandon Prust wins face-off versus Darren Helm in Diables zone.
15:30 of 1st period - Off-side.
15:31 of 1st period - Darren Helm wins face-off versus Brandon Prust in neutral zone.
16:06 of 1st period - Mark Fraser is hit by Jiri Tlusty and loses puck.
16:53 of 1st period - Jordan LaVallee is hit by Taylor Beck and loses puck.
17:12 of 1st period - Penalty to Jamie Oleksiak is over, Jamie Oleksiak is back on ice.
17:22 of 1st period - Wrist shot by Nick Bjugstad.
17:22 of 1st period - Stopped by Anders Nilsson with a rebound.
17:34 of 1st period - Mark Fraser is hit by Samuel Groulx and loses puck.
18:10 of 1st period - Slapshot by Michal Repik.
18:10 of 1st period - Stopped by Anders Nilsson with a rebound.
18:21 of 1st period - Michal Repik is hit by Stefan Ruzicka and loses puck.
18:28 of 1st period - Justin Faulk is hit by Michal Repik and loses puck.
18:46 of 1st period - Slapshot by Pavel Valentenko.
18:46 of 1st period - Stopped by Anders Nilsson without a rebound.
18:47 of 1st period - Luke Adam wins face-off versus Nick Bjugstad in Ice Dragons zone.
18:47 of 1st period - Luke Adam is hit by Brandon Prust.
19:14 of 1st period - Snap shot by Michael Chaput.
19:14 of 1st period - Shot Misses the Net.
Goals for this period are 0 for Ice Dragons vs 0 for Diables.
Shots for this period are 15 for Ice Dragons vs 12 for Diables.

2nd period


0:01 of 2nd period - Nick Bjugstad wins face-off versus Darren Helm in neutral zone.
0:14 of 2nd period - Wrist shot by Nick Bjugstad.
0:14 of 2nd period - Shot Blocked by Jordan LaVallee.
0:36 of 2nd period - Snap shot by Jordan Caron.
0:36 of 2nd period - Shot Misses the Net.
0:38 of 2nd period - Wrist shot by Jordan Caron.
0:38 of 2nd period - Goal by Jordan Caron - Ice Dragons : 0 - Diables : 1.
0:39 of 2nd period - Darren Helm wins face-off versus Nick Bjugstad in neutral zone.
2:01 of 2nd period - Wrist shot by Jordan LaVallee.
2:01 of 2nd period - Shot Blocked by Brandon Prust.
2:03 of 2nd period - Slapshot by Jordan LaVallee.
2:03 of 2nd period - Stopped by Malcolm Subban without a rebound.
2:04 of 2nd period - Darren Helm wins face-off versus Nick Bjugstad in Diables zone.
2:13 of 2nd period - Slapshot by Stefan Ruzicka.
2:13 of 2nd period - Stopped by Malcolm Subban with a rebound.
2:16 of 2nd period - Icing by Brian Dumoulin.
2:17 of 2nd period - Nick Bjugstad wins face-off versus Jordan LaVallee in Diables zone.
2:32 of 2nd period - Snap shot by Darren Helm.
2:32 of 2nd period - Shot Misses the Net.
3:08 of 2nd period - Wrist shot by Brandon Prust.
3:08 of 2nd period - Goal by Brandon Prust - Ice Dragons : 0 - Diables : 2.
3:09 of 2nd period - Darren Helm wins face-off versus Tim Schaller in neutral zone.
3:41 of 2nd period - Snap shot by Brandon Burlon.
3:41 of 2nd period - Deflect By Daniel Zaar.
3:41 of 2nd period - Stopped by Anders Nilsson with a rebound.
4:17 of 2nd period - Craig Smith is hit by Alex Plante and loses puck.
5:02 of 2nd period - Wrist shot by Daniel Zaar.
5:02 of 2nd period - Shot Blocked by Christian Djoos.
5:04 of 2nd period - Wrist shot by Louis Leblanc.
5:04 of 2nd period - Deflect By Daniel Zaar.
5:04 of 2nd period - Stopped by Anders Nilsson with a rebound.
5:22 of 2nd period - Samuel Groulx is hit by Brandon Prust and loses puck.
5:34 of 2nd period - Minor Penalty to Alex Plante for Hooking.
5:35 of 2nd period - Stefan Ruzicka wins face-off versus Nick Bjugstad in Ice Dragons zone.
6:09 of 2nd period - Snap shot by Brian Dumoulin.
6:09 of 2nd period - Stopped by Anders Nilsson without a rebound.
6:10 of 2nd period - Jordan LaVallee wins face-off versus Tim Schaller in Ice Dragons zone.
7:04 of 2nd period - Icing by Brian Dumoulin.
7:05 of 2nd period - Jordan LaVallee wins face-off versus Nick Bjugstad in Diables zone.
7:34 of 2nd period - Penalty to Alex Plante is over, Alex Plante is back on ice.
7:40 of 2nd period - Justin Faulk is hit by Nick Bjugstad.
8:09 of 2nd period - Slapshot by Brandon Burlon.
8:09 of 2nd period - Stopped by Anders Nilsson without a rebound.
8:10 of 2nd period - Nick Bjugstad wins face-off versus Sam Carrick in Ice Dragons zone.
8:13 of 2nd period - Wrist shot by Brandon Prust.
8:13 of 2nd period - Shot Misses the Net.
8:15 of 2nd period - Snap shot by Brandon Prust.
8:15 of 2nd period - Goal by Brandon Prust - Ice Dragons : 0 - Diables : 3.
8:16 of 2nd period - Tim Schaller wins face-off versus Sam Carrick in neutral zone.
9:02 of 2nd period - Logan MacMillan is hit by Jordan Caron and loses puck.
10:09 of 2nd period - Pavel Valentenko is hit by Michael Ferland and loses puck.
10:18 of 2nd period - Slapshot by Louis Leblanc.
10:18 of 2nd period - Shot Blocked by Sam Carrick.
10:42 of 2nd period - Minor Penalty to Jiri Tlusty for Interference.
10:43 of 2nd period - Stefan Ruzicka wins face-off versus Nick Bjugstad in Ice Dragons zone.
11:08 of 2nd period - Taylor Beck is hit by Ryan Pulock and loses puck.
12:42 of 2nd period - Penalty to Jiri Tlusty is over, Jiri Tlusty is back on ice.
12:48 of 2nd period - Wrist shot by Brian Dumoulin.
12:48 of 2nd period - Shot Blocked by Jiri Tlusty.
12:50 of 2nd period - Snap shot by Brian Dumoulin.
12:50 of 2nd period - Stopped by Anders Nilsson without a rebound.
12:51 of 2nd period - Luke Adam wins face-off versus Elias Lindholm in Ice Dragons zone.
13:17 of 2nd period - Mark Fraser is hit by William Carrier.
13:22 of 2nd period - Off-side.
13:23 of 2nd period - Nick Bjugstad wins face-off versus Darren Helm in neutral zone.
13:34 of 2nd period - Slapshot by Craig Smith.
13:34 of 2nd period - Stopped by Anders Nilsson without a rebound.
13:35 of 2nd period - Nick Bjugstad wins face-off versus Darren Helm in Ice Dragons zone.
14:42 of 2nd period - Daniel Zaar is hit by Kevin Connauton and loses puck.
15:00 of 2nd period - Kevin Connauton is hit by Pavel Valentenko and loses puck.
15:22 of 2nd period - Snap shot by Tim Schaller.
15:22 of 2nd period - Shot Misses the Net.
15:24 of 2nd period - Slapshot by Tim Schaller.
15:24 of 2nd period - Shot Misses the Net.
15:26 of 2nd period - Snap shot by Jordan Caron.
15:26 of 2nd period - Shot Misses the Net.
15:38 of 2nd period - Minor Penalty to Jiri Tlusty for Hooking.
15:39 of 2nd period - Nick Bjugstad wins face-off versus Stefan Ruzicka in Ice Dragons zone.
15:40 of 2nd period - Wrist shot by Brandon Prust.
15:40 of 2nd period - Stopped by Anders Nilsson with a rebound.
15:42 of 2nd period - Snap shot by Nick Bjugstad.
15:42 of 2nd period - Stopped by Anders Nilsson without a rebound.
15:43 of 2nd period - Nick Bjugstad wins face-off versus Stefan Ruzicka in Ice Dragons zone.
16:15 of 2nd period - Slapshot by Taylor Beck.
16:15 of 2nd period - Stopped by Anders Nilsson with a rebound.
16:17 of 2nd period - Slapshot by Brandon Burlon.
16:17 of 2nd period - Deflect By Jordan LaVallee.
16:17 of 2nd period - Goal by Brandon Burlon - Ice Dragons : 0 - Diables : 4.
16:18 of 2nd period - Luke Adam wins face-off versus Nick Bjugstad in neutral zone.
16:23 of 2nd period - Wrist shot by Kevin Connauton.
16:23 of 2nd period - Stopped by Malcolm Subban without a rebound.
16:24 of 2nd period - Nick Bjugstad wins face-off versus Luke Adam in Diables zone.
16:24 of 2nd period - Nick Bjugstad is hit by Kevin Connauton.
16:32 of 2nd period - Backhand shot by Brian Dumoulin.
16:32 of 2nd period - Stopped by Anders Nilsson without a rebound.
16:33 of 2nd period - Stefan Ruzicka wins face-off versus Nick Bjugstad in Ice Dragons zone.
16:58 of 2nd period - Stefan Ruzicka is hit by Brian Dumoulin and loses puck.
17:05 of 2nd period - Slapshot by Samuel Groulx.
17:05 of 2nd period - Deflect By Brandon Burlon.
17:05 of 2nd period - Stopped by Malcolm Subban without a rebound.
17:06 of 2nd period - Luke Adam wins face-off versus Nick Bjugstad in Diables zone.
17:21 of 2nd period - Snap shot by Jiri Tlusty.
17:21 of 2nd period - Shot Blocked by Craig Smith.
17:40 of 2nd period - Snap shot by William Carrier.
17:40 of 2nd period - Stopped by Malcolm Subban without a rebound.
17:41 of 2nd period - Darren Helm wins face-off versus Tim Schaller in Diables zone.
17:47 of 2nd period - Minor Penalty to Brandon Burlon for Goalie Interference.
17:48 of 2nd period - Darren Helm wins face-off versus Brandon Prust in Diables zone.
18:20 of 2nd period - Slapshot by Kevin Connauton.
18:20 of 2nd period - Stopped by Malcolm Subban with a rebound.
18:22 of 2nd period - Snap shot by Logan MacMillan.
18:22 of 2nd period - Goal by Logan MacMillan - Ice Dragons : 1 - Diables : 4.
18:23 of 2nd period - Stefan Ruzicka wins face-off versus Brandon Prust in neutral zone.
18:30 of 2nd period - Slapshot by Kevin Connauton.
18:30 of 2nd period - Stopped by Malcolm Subban with a rebound.
19:09 of 2nd period - Slapshot by Louis Leblanc.
19:09 of 2nd period - Goal by Louis Leblanc - Ice Dragons : 1 - Diables : 5.
19:10 of 2nd period - Craig Smith wins face-off versus Darren Helm in neutral zone.
19:30 of 2nd period - Nick Bjugstad is hit by Darren Helm and loses puck.
19:41 of 2nd period - Snap shot by Jiri Tlusty.
19:41 of 2nd period - Deflect By Logan MacMillan.
19:41 of 2nd period - Goal by Logan MacMillan - Ice Dragons : 2 - Diables : 5.
19:42 of 2nd period - Darren Helm wins face-off versus Nick Bjugstad in neutral zone.
19:57 of 2nd period - Wrist shot by Jordan LaVallee.
19:57 of 2nd period - Stopped by Malcolm Subban without a rebound.
19:58 of 2nd period - Tim Schaller wins face-off versus Luke Adam in Diables zone.
19:58 of 2nd period - Brian Dumoulin is hit by Jiri Tlusty and loses puck.
Goals for this period are 2 for Ice Dragons vs 5 for Diables.
Shots for this period are 10 for Ice Dragons vs 15 for Diables.

3rd period


0:01 of 3rd period - Nick Bjugstad wins face-off versus Jordan LaVallee in neutral zone.
0:04 of 3rd period - Kevin Connauton is hit by Brandon Prust and loses puck.
0:27 of 3rd period - Brian Dumoulin is hit by Luke Adam and loses puck.
0:54 of 3rd period - Samuel Groulx is hit by Elias Lindholm.
1:38 of 3rd period - Wrist shot by Jordan LaVallee.
1:38 of 3rd period - Shot Blocked by Jamie Oleksiak.
2:01 of 3rd period - Christian Thomas is hit by Logan MacMillan and loses puck.
2:20 of 3rd period - Snap shot by William Carrier.
2:20 of 3rd period - Shot Misses the Net.
2:58 of 3rd period - Wrist shot by Tim Schaller.
2:58 of 3rd period - Shot Misses the Net.
3:10 of 3rd period - Slapshot by Michal Repik.
3:10 of 3rd period - Stopped by Anders Nilsson without a rebound.
3:11 of 3rd period - Luke Adam wins face-off versus Christian Thomas in Ice Dragons zone.
4:04 of 3rd period - Off-side.
4:05 of 3rd period - Michael Chaput wins face-off versus Tim Schaller in neutral zone.
4:21 of 3rd period - Icing by Brandon Kozun.
4:22 of 3rd period - Michael Chaput wins face-off versus Nick Bjugstad in Ice Dragons zone.
4:31 of 3rd period - Slapshot by Brandon Prust.
4:31 of 3rd period - Shot Misses the Net.
4:39 of 3rd period - Snap shot by Michael Chaput.
4:39 of 3rd period - Stopped by Malcolm Subban without a rebound.
4:40 of 3rd period - Darren Helm wins face-off versus Tim Schaller in Diables zone.
5:33 of 3rd period - Wrist shot by Luke Adam.
5:33 of 3rd period - Shot Misses the Net.
6:21 of 3rd period - Snap shot by Taylor Beck.
6:21 of 3rd period - Stopped by Anders Nilsson with a rebound.
6:23 of 3rd period - Slapshot by Mark Fraser.
6:23 of 3rd period - Deflect By Ryan Pulock.
6:23 of 3rd period - Stopped by Anders Nilsson without a rebound.
6:24 of 3rd period - Nick Bjugstad wins face-off versus Sam Carrick in Ice Dragons zone.
6:27 of 3rd period - Wrist shot by Nick Bjugstad.
6:27 of 3rd period - Shot Misses the Net.
6:29 of 3rd period - Wrist shot by Nick Bjugstad.
6:29 of 3rd period - Goal by Nick Bjugstad - Ice Dragons : 2 - Diables : 6.
6:30 of 3rd period - Nick Bjugstad wins face-off versus Darren Helm in neutral zone.
6:39 of 3rd period - Slapshot by Brandon Prust.
6:39 of 3rd period - Deflect By Stefan Ruzicka.
6:39 of 3rd period - Shot Blocked by Stefan Ruzicka.
6:39 of 3rd period - Puck is out of play.
6:40 of 3rd period - Nick Bjugstad wins face-off versus Stefan Ruzicka in Ice Dragons zone.
6:40 of 3rd period - Brandon Prust beats up Darren Helm.
6:40 of 3rd period - Penalty to Brandon Prust for Fighting.
6:40 of 3rd period - Penalty to Darren Helm for Fighting.
6:41 of 3rd period - Emil Pettersson wins face-off versus Nick Bjugstad in Ice Dragons zone.
6:54 of 3rd period - Icing by Nick Bjugstad.
6:55 of 3rd period - Nick Bjugstad wins face-off versus Stefan Ruzicka in Diables zone.
6:55 of 3rd period - Nick Bjugstad is hit by Stefan Ruzicka.
7:11 of 3rd period - Wrist shot by Nick Bjugstad.
7:11 of 3rd period - Goal by Nick Bjugstad - Ice Dragons : 2 - Diables : 7.
7:11 of 3rd period - Harru Sateri enters game.
7:12 of 3rd period - Nick Bjugstad wins face-off versus Emil Pettersson in neutral zone.
8:04 of 3rd period - Logan MacMillan is hit by Pavel Valentenko and loses puck.
8:30 of 3rd period - Wrist shot by Michael Ferland.
8:30 of 3rd period - Shot Misses the Net.
8:32 of 3rd period - Wrist shot by Michael Ferland.
8:32 of 3rd period - Stopped by Malcolm Subban without a rebound.
8:33 of 3rd period - Tim Schaller wins face-off versus Emil Pettersson in Diables zone.
8:38 of 3rd period - Christian Djoos is hit by Jordan Caron and loses puck.
8:43 of 3rd period - Snap shot by Taylor Beck.
8:43 of 3rd period - Shot Misses the Net.
8:59 of 3rd period - Off-side.
9:00 of 3rd period - Elias Lindholm wins face-off versus Luke Adam in neutral zone.
9:25 of 3rd period - Jamie Oleksiak is hit by William Carrier and loses puck.
9:32 of 3rd period - Wrist shot by Michael Chaput.
9:32 of 3rd period - Shot Misses the Net.
9:34 of 3rd period - Wrist shot by William Carrier.
9:34 of 3rd period - Shot Blocked by Jamie Oleksiak.
9:36 of 3rd period - Wrist shot by William Carrier.
9:36 of 3rd period - Stopped by Malcolm Subban with a rebound.
9:38 of 3rd period - Snap shot by Michael Chaput.
9:38 of 3rd period - Stopped by Malcolm Subban without a rebound.
9:39 of 3rd period - Nick Bjugstad wins face-off versus Emil Pettersson in Diables zone.
10:30 of 3rd period - Wrist shot by Daniel Zaar.
10:30 of 3rd period - Stopped by Harru Sateri with a rebound.
11:08 of 3rd period - Minor Penalty to Nick Bjugstad for High sticking.
11:09 of 3rd period - Emil Pettersson wins face-off versus Cole Cassels in Diables zone.
11:20 of 3rd period - Snap shot by Stefan Ruzicka.
11:20 of 3rd period - Shot Blocked by Craig Smith.
11:40 of 3rd period - Penalty to Brandon Prust is over, Brandon Prust is back on ice.
13:08 of 3rd period - Penalty to Nick Bjugstad is over, Nick Bjugstad is back on ice.
13:23 of 3rd period - Wrist shot by Taylor Beck.
13:23 of 3rd period - Shot Blocked by Justin Faulk.
13:25 of 3rd period - Wrist shot by Taylor Beck.
13:25 of 3rd period - Shot Misses the Net.
13:27 of 3rd period - Slapshot by Mark Fraser.
13:27 of 3rd period - Shot Misses the Net.
13:45 of 3rd period - Wrist shot by Taylor Beck.
13:45 of 3rd period - Shot Blocked by Christian Djoos.
13:47 of 3rd period - Wrist shot by Louis Leblanc.
13:47 of 3rd period - Goal by Louis Leblanc - Ice Dragons : 2 - Diables : 8.
13:48 of 3rd period - Darren Helm wins face-off versus Elias Lindholm in neutral zone.
14:13 of 3rd period - Jamie Oleksiak is hit by Alex Plante.
14:35 of 3rd period - Snap shot by Nick Bjugstad.
14:35 of 3rd period - Shot Misses the Net.
14:37 of 3rd period - Slapshot by Tim Schaller.
14:37 of 3rd period - Stopped by Harru Sateri with a rebound.
15:22 of 3rd period - Louis Leblanc is hit by Darren Helm.
15:50 of 3rd period - Minor Penalty to Logan MacMillan for Slashing.
15:51 of 3rd period - Nick Bjugstad wins face-off versus Stefan Ruzicka in Ice Dragons zone.
17:07 of 3rd period - Nick Bjugstad is hit by Kevin Connauton and loses puck.
17:50 of 3rd period - Penalty to Logan MacMillan is over, Logan MacMillan is back on ice.
17:52 of 3rd period - Slapshot by Samuel Groulx.
17:52 of 3rd period - Shot Blocked by Brandon Burlon.
17:56 of 3rd period - Wrist shot by Jordan LaVallee.
17:56 of 3rd period - Stopped by Malcolm Subban with a rebound.
18:12 of 3rd period - Slapshot by Jordan LaVallee.
18:12 of 3rd period - Stopped by Malcolm Subban with a rebound.
18:14 of 3rd period - Slapshot by Samuel Groulx.
18:14 of 3rd period - Shot Blocked by Brian Dumoulin.
18:16 of 3rd period - Slapshot by Samuel Groulx.
18:16 of 3rd period - Stopped by Malcolm Subban without a rebound.
18:17 of 3rd period - Michael Chaput wins face-off versus Andreas Johnsson in Diables zone.
18:18 of 3rd period - Snap shot by William Carrier.
18:18 of 3rd period - Stopped by Malcolm Subban without a rebound.
18:19 of 3rd period - Louis Leblanc wins face-off versus Michael Chaput in Diables zone.
18:28 of 3rd period - Marc-André Bourdon is hit by William Carrier and loses puck.
18:45 of 3rd period - Backhand shot by Craig Smith.
18:45 of 3rd period - Shot Misses the Net.
18:47 of 3rd period - Wrist shot by Brandon Prust.
18:47 of 3rd period - Stopped by Harru Sateri without a rebound.
18:48 of 3rd period - Luke Adam wins face-off versus Nick Bjugstad in Ice Dragons zone.
19:03 of 3rd period - Snap shot by Jiri Tlusty.
19:03 of 3rd period - Deflect By Luke Adam.
19:03 of 3rd period - Shot Misses the Net.
19:03 of 3rd period - Puck is out of play.
19:04 of 3rd period - Tim Schaller wins face-off versus Darren Helm in Diables zone.
19:04 of 3rd period - Tim Schaller is hit by Darren Helm.
19:14 of 3rd period - Slapshot by Taylor Beck.
19:14 of 3rd period - Shot Misses the Net.
19:16 of 3rd period - Slapshot by Brandon Burlon.
19:16 of 3rd period - Stopped by Harru Sateri without a rebound.
19:17 of 3rd period - Darren Helm wins face-off versus Nick Bjugstad in Ice Dragons zone.
19:45 of 3rd period - Snap shot by William Carrier.
19:45 of 3rd period - Shot Misses the Net.
19:47 of 3rd period - Slapshot by Kevin Connauton.
19:47 of 3rd period - Shot Misses the Net.
19:49 of 3rd period - Slapshot by Kevin Connauton.
19:49 of 3rd period - Stopped by Malcolm Subban with a rebound.
19:51 of 3rd period - Slapshot by Samuel Groulx.
19:51 of 3rd period - Deflect By William Carrier.
19:51 of 3rd period - Stopped by Malcolm Subban with a rebound.
19:53 of 3rd period - Snap shot by Kevin Connauton.
19:53 of 3rd period - Stopped by Malcolm Subban with a rebound.
19:55 of 3rd period - Slapshot by Kevin Connauton.
19:55 of 3rd period - Stopped by Malcolm Subban with a rebound.
Goals for this period are 0 for Ice Dragons vs 3 for Diables.
Shots for this period are 12 for Ice Dragons vs 10 for Diables.